 Dungeon Sprint DCSS version 0.21.0-3-g78d12a8 (webtiles) character file.

79099 wojtek the Executioner (level 14, -8/134 HPs)
             Began as a Minotaur Berserker on Jan 15, 2018.
             Was a Priest of Trog.
             Mangled by a sun demon (16 damage)
             ... summoned by an obsidian statue
             ... in the Dungeon (Sprint III: "The Ten Rune Challenge").
             The game lasted 00:26:36 (9276 turns).

wojtek the Executioner (Minotaur Berserker)         Turns: 9276, Time: 00:26:37

Health: -8/134     AC: 28    Str: 26      XL:     14   Next: 22%
Magic:  13/13      EV: 16    Int:  3 (4)  God:    Trog [***...]
Gold:   3993       SH:  0    Dex: 11      Spells: 13/13 levels left

rFire    . . .     SeeInvis .   P - +8 frozen axe "Frostbite" {freezing cloud, *Noise +Fly rC+}
rCold    + + .     Gourm    .   (shield currently unavailable)
rNeg     . . .     Faith    .   G - +4 plate armour {rF+}
rPois    +         Spirit   .   x - +1 hat
rElec    .         Reflect  .   (no cloak)
rCorr    .         Harm     .   J - +0 pair of gloves
MR       +....     NoTele   +   (no boots)
Stlth    ..........             (no amulet)
HPRegen  0.32/turn              v - ring of poison resistance
MPRegen  0.13/turn              B - ring of ice

@: mesmerised
A: retaliatory headbutt, horns 2, slimy green scales 1, frail 1
}: 2/10 runes: decaying, barnacled
a: Berserk, Trog's Hand, Burn Spellbooks, Renounce Religion, Evoke Flight


You were in the Dungeon.
You worshipped Trog.
Trog was most pleased with you.
You were hungry.

You visited 1 branch You collected 4693 gold pieces.
You spent 700 gold pieces at shops.

Inventory:

Hand Weapons
 a - a +3 antimagic battleaxe
 d - a +3 vampiric battleaxe
 p - a +2 executioner's axe of venom
 t - a +5 battleaxe of electrocution
 u - a +6 antimagic battleaxe
 y - a +5 antimagic battleaxe
 A - a +1 executioner's axe of freezing
 D - a +2 executioner's axe of chopping
 L - the +8 Wrath of Trog {antimagic, *Rage}
   (You found it in the Dungeon)

   It reduces the magical energy of the wielder, and disrupts the spells and
   magical abilities of those hit.
   Natural abilities and divine invocations are not affected.
   It may make you go berserk in combat.
 N - the +11 battleaxe of the Sky {antimagic, *Drain rElec Int+9}
   (Trog gifted it to you in the Dungeon)

   It reduces the magical energy of the wielder, and disrupts the spells and
   magical abilities of those hit.
   Natural abilities and divine invocations are not affected.
   It affects your intelligence (+9).
   It insulates you from electricity.
   It causes draining when unequipped.
 P - the +8 frozen axe "Frostbite" (weapon) {freezing cloud, *Noise +Fly rC+}
   (You found it in the Dungeon)

   It has been specially enchanted to freeze those struck by it, causing extra
   injury to most foes and up to half again as much damage against particularly
   susceptible opponents.
   It can also slow down cold-blooded creatures.
   It protects you from cold.
   It lets you fly.
   It may make noises in combat.
 Q - a +4 antimagic battleaxe
Missiles
 q - 3 exploding tomahawks (quivered)
Armour
 w - a +0 chain mail of cold resistance
 x - a +1 hat (worn)
 z - +0 swamp dragon scales
 G - a +4 plate armour of fire resistance (worn)
 J - a +0 pair of gloves (worn)
 M - a +2 shield of reflection
 R - a +1 large shield of reflection
Jewellery
 v - a ring of poison resistance (left hand)
 B - a ring of ice (right hand)
 C - an uncursed ring of protection from magic
Wands
 b - a wand of random effects (26)
 E - a wand of disintegration (12)
 O - a wand of flame (18)
Scrolls
 i - a scroll of blinking
 l - 2 scrolls of immolation {unknown}
 m - 14 scrolls of identify
 n - 5 scrolls of remove curse
 F - a scroll of fear {unknown}
 H - a scroll of enchant weapon {unknown}
Potions
 f - 4 potions of haste
 g - 2 potions of magic
 h - a potion of berserk rage
 j - a potion of resistance {unknown}
 k - 6 potions of mutation
 o - 4 potions of flight
 r - a potion of cancellation {unknown}
 s - a potion of brilliance {unknown}
 K - a potion of invisibility {unknown}
Comestibles
 c - 14 rations


   Skills:
 + Level 20.3 Fighting
 * Level 26.6 Axes
 + Level 20.2 Armour
 + Level 18.8 Dodging
 + Level 1.3 Evocations


You had 13 spell levels left.
You didn't know any spells.

Dungeon Overview and Level Annotations

Branches:
Dungeon (1/1)

Altars:
Cheibriados
Dithmenos
Elyvilon
Fedhas
Gozag
Hepliaklqana
Kikubaaqudgha
Makhleb
Nemelex Xobeh
Okawaru
Qazlal
Ru
Sif Muna
Trog
Uskayaw
Vehumet
Wu Jian
Xom
Yredelemnul
Zin
The Shining One
Beogh
Jiyva
Lugonu

Shops:
D }(%=*(?

Annotations:
D exclusion: obsidian statue


Innate Abilities, Weirdness & Mutations

You reflexively headbutt those who attack you in melee.
You have a pair of horns on your head.
You are partially covered in slimy green scales. (AC +2)
You are frail. (-10% HP)


Message History

You are engulfed in flames!!
* * * LOW HITPOINT WARNING * * *
Unknown command.
You feel much better.
The crimson imp blinks!
The sun demon barely misses you. You furiously retaliate!
You headbutt the sun demon!!
Unknown command.
The sun demon hits you!
* * * LOW HITPOINT WARNING * * *
You are engulfed in flames!!
* * * LOW HITPOINT WARNING * * *
Unknown command.
The crimson imp blinks!
The obsidian statue's eyes glow briefly.
The obsidian statue attempts to bespell you!
You are mesmerised by the obsidian statue!
Unknown command.
You feel better. The sun demon hits you!
* * * LOW HITPOINT WARNING * * *
You are engulfed in flames!
You die...

#############
.z)Cp.5.≈≈≈≈#
#≈≈≈≈≈# #z≈§≈≈#
#.§D§8# #p§§§§#
#p§3@§# #.§§§§#
#§§§§§#
#################'#
#....§..(......§§.#
#.#######.[[.).§§.#
#.......#.§§§§.§§§#
#######.#§.§§§§.§§#
#.......#§§.§§§§§.#


You could see a shadow dragon, an obsidian statue and a sun demon.

Vanquished Creatures
  A lich (D)
  Frances (D)
  A kraken (D)
  Chuck (D)
  A shadow dragon (D)
  Donald (D)
  Josephine (D)
  A fire dragon (D)
  A yaktaur captain (D)
  A vault guard (D)
  3 dancing weapons (D)
  An alligator (shapeshifter) (D)
  4 death yaks (D)
  2 alligator snapping turtles (D)
  3 centaur warriors (D)
  Urug (D)
  A skeletal warrior (D)
  A spriggan druid (D)
  An unseen horror (D)
  A death drake (D)
  A lindwurm (D)
  A deep elf mage (D)
  2 orc sorcerers (D)
  2 ugly things (D)
  A faun (shapeshifter) (D)
  A wolf spider (shapeshifter) (D)
  2 elephants (D)
  A water nymph (shapeshifter) (D)
  2 black mambas (D)
  2 spiny frogs (D)
  A rime drake (D)
  A komodo dragon (D)
  2 tyrant leeches (D)
  2 spriggan defenders (D)
  A queen bee (D)
  2 orc high priests (D)
  8 blink frogs (D)
  6 slime creatures (D)
  3 snapping turtles (D)
  A hippogriff (shapeshifter) (D)
  3 redbacks (D)
  2 spriggans (D)
  A shadow (D)
  3 wandering mushrooms (D)
  A spatial vortex (D)
  2 hydra simulacra (D)
  A floating eye (D)
  A necrophage (D)
  3 swamp drakes (D)
  2 centaurs (D)
  An earth elemental (D)
  A water elemental (D)
  25 killer bees (D)
  A jelly (D)
  4 orc priests (D)
  3 orc wizards (D)
  A wizard (D)
  Jessica (D)
  A necromancer (D)
  2 wolf simulacra (D)
  3 humans (D)
  A kobold demonologist (D)
  2 oozes (D)
  A phantom (D)
  9 orcs (D)
  A rat (D)
  2 bushes (D)
  2 fungi (D)
  8 plants (D)
  3 tentacles (D)
161 creatures vanquished.

Vanquished Creatures (collateral kills)
  Sojobo (D)
  the Lernaean hydra (D)
  Rupert (D)
  Gastronok (D)
  A shadow dragon (D)
  2 dire elephants (D)
  3 hydras (D)
  A vault guard (D)
  A dancing weapon (D)
  An ogre mage (D)
  4 swamp dragons (D)
  An obsidian statue (D)
  2 spriggan defenders (D)
  An orc high priest (D)
  A snapping turtle (D)
  7 killer bees (D)
  An orc priest (D)
  2 plants (D)
32 creatures vanquished.

Vanquished Creatures (others)
  2 draconian scorchers (D)
  Nessos (D)
  6 hellions (D)
  3 yaktaurs (D)
  An electric eel (D)
  A bush (D)
  11 plants (D)
  3 tentacles (D)
28 creatures vanquished.

Grand Total: 221 creatures vanquished

Notes
Turn   | Place    | Note
-------+----------+-------------------------------------------
     0 | D        | wojtek the Minotaur Berserker began the quest for the Orb.
     0 | D        | Reached XP level 1. HP: 19/19 MP: 0/0
     4 | D        | Reached skill level 4 in Axes
     7 | D        | Reached XP level 2. HP: 13/27 MP: 1/1
    61 | D        | Killed a yaktaur
    70 | D        | Killed a hellion
    80 | D        | Killed a hellion
   114 | D        | Killed a hellion
   138 | D        | Killed a white draconian scorcher
   153 | D        | Noticed Jessica
   154 | D        | Reached ** piety under Trog
   159 | D        | Killed Jessica
   159 | D        | Reached skill level 5 in Fighting
   159 | D        | Reached skill level 6 in Axes
   159 | D        | Reached XP level 3. HP: 36/36 MP: 2/2
   169 | D        | Killed a white draconian scorcher
   209 | D        | Reached *** piety under Trog
   219 | D        | Killed a hellion
   221 | D        | Killed a hellion
   251 | D        | Killed a hellion
   310 | D        | Noticed a water elemental
   313 | D        | Killed a water elemental
   313 | D        | Reached skill level 7 in Axes
   313 | D        | Reached skill level 5 in Armour
   313 | D        | Reached skill level 5 in Dodging
   313 | D        | Reached XP level 4. HP: 44/44 MP: 3/3
   366 | D        | Found a radiant altar of Vehumet.
   366 | D        | Found a deep blue altar of Sif Muna.
   366 | D        | Found an ancient bone altar of Kikubaaqudgha.
   366 | D        | Noticed a wizard
   369 | D        | Killed a wizard
   369 | D        | Reached skill level 8 in Axes
   369 | D        | Reached XP level 5. HP: 51/51 MP: 4/4
   374 | D        | Reached **** piety under Trog
   433 | D        | Found a glowing silver altar of Zin.
   434 | D        | Found a glowing golden altar of the Shining One.
   434 | D        | Found a white marble altar of Elyvilon.
   434 | D        | Noticed a deep elf mage
   449 | D        | Killed a deep elf mage
   449 | D        | Reached ***** piety under Trog
   449 | D        | Reached skill level 11 in Axes
   449 | D        | Reached XP level 6. HP: 55/63 MP: 5/5
   449 | D        | Reached XP level 7. HP: 61/70 MP: 6/6
   474 | D        | Killed Nessos
   576 | D        | Found a hide-covered altar of Uskayaw.
   576 | D        | Found a roughly hewn altar of Beogh.
   576 | D        | Found an iron altar of Okawaru.
   576 | D        | Found a bloodstained altar of Trog.
   576 | D        | Found an ornate altar of the Wu Jian Council.
   576 | D        | Noticed a human
   576 | D        | Noticed a human
   580 | D        | Received a gift from Trog
   584 | D        | Killed a human
   584 | D        | Reached skill level 12 in Axes
   598 | D        | Killed a human
   772 | D        | Found a basalt altar of Yredelemnul.
   772 | D        | Found a shadowy altar of Dithmenos.
   772 | D        | Found a sacrificial altar of Ru.
   775 | D        | Reached skill level 13 in Axes
   777 | D        | Reached skill level 10 in Fighting
   879 | D        | Noticed a shadow
   883 | D        | Killed a shadow
   883 | D        | Reached XP level 8. HP: 62/77 MP: 7/7
   951 | D        | Found a blossoming altar of Fedhas.
   951 | D        | Found a stormy altar of Qazlal.
   951 | D        | Found a snail-covered altar of Cheibriados.
   951 | D        | Found a burning altar of Makhleb.
   951 | D        | Found a shimmering altar of Xom.
   952 | D        | Found a hazy altar of Hepliaklqana.
   952 | D        | Found an opulent altar of Gozag.
   952 | D        | Found a sparkling altar of Nemelex Xobeh.
   952 | D        | Found a corrupted altar of Lugonu.
   952 | D        | Found a viscous altar of Jiyva.
   974 | D        | Received a gift from Trog
   974 | D        | Reached skill level 10 in Armour
   985 | D        | Noticed Josephine
   992 | D        | Killed Josephine
   992 | D        | Received a gift from Trog
   992 | D        | Reached skill level 15 in Axes
   992 | D        | Reached skill level 10 in Dodging
   992 | D        | Reached XP level 9. HP: 81/87 MP: 8/8
  1043 | D        | Reached ****** piety under Trog
  1045 | D        | Noticed an orc sorcerer
  1053 | D        | Noticed a soul eater
  1054 | D        | Received a gift from Trog
  1058 | D        | Killed an orc sorcerer
  1068 | D        | Received a gift from Trog
  1072 | D        | Found Bokoniux's Assorted Antiques.
  1076 | D        | Noticed an orc sorcerer
  1079 | D        | Killed an orc sorcerer
  1079 | D        | Reached skill level 16 in Axes
  1344 | D        | Noticed a centaur warrior
  1352 | D        | Killed a centaur warrior
  1352 | D        | Reached XP level 10. HP: 43/98 MP: 9/9
  1584 | D        | Killed an unseen horror
  1584 | D        | Received a gift from Trog
  1584 | D        | Reached skill level 17 in Axes
  1875 | D        | Received a gift from Trog
  2197 | D        | Received a gift from Trog
  2391 | D        | Received a gift from Trog
  2437 | D        | Reached skill level 18 in Axes
  2911 | D        | Received a gift from Trog
  2974 | D        | Noticed a spiny frog
  2974 | D        | Noticed a spiny frog
  2976 | D        | Killed a spiny frog
  2979 | D        | Killed a spiny frog
  3291 | D        | Received a gift from Trog
  3291 | D        | Reached skill level 19 in Axes
  3291 | D        | Reached XP level 11. HP: 93/111 MP: 10/10
  3378 | D        | Noticed Rupert
  3384 | D        | Killed Rupert
  3453 | D        | Reached skill level 15 in Fighting
  3455 | D        | Noticed a dire elephant
  3456 | D        | Noticed a dire elephant
  3459 | D        | Noticed Gastronok
  3460 | D        | Killed a dire elephant
  3460 | D        | Reached skill level 20 in Axes
  3460 | D        | Reached skill level 15 in Armour
  3463 | D        | Killed a dire elephant
  3472 | D        | Killed Gastronok
  3472 | D        | Received a gift from Trog
  3838 | D        | Noticed a death yak
  3839 | D        | Noticed a death yak
  3840 | D        | Noticed a death yak
  3850 | D        | Killed a death yak
  3854 | D        | Noticed a death yak
  3856 | D        | Killed a death yak
  3864 | D        | Killed a death yak
  3864 | D        | Received a gift from Trog
  3864 | D        | Reached skill level 21 in Axes
  4162 | D        | Reached XP level 12. HP: 105/122 MP: 11/11
  4172 | D        | Killed a death yak
  4336 | D        | Noticed an azure jelly
  4336 | D        | Noticed an azure jelly
  4369 | D        | Reached skill level 15 in Dodging
  4384 | D        | Found Uthepn's Gadget Shoppe.
  4384 | D        | Found Yhanutio's Antique Weapon Boutique.
  4385 | D        | Found Kuebleepn's Food Emporium.
  4545 | D        | Noticed a five-headed hydra
  4545 | D        | Noticed the 27-headed Lernaean hydra
  4554 | D        | Killed a five-headed hydra
  4556 | D        | Killed the 26-headed Lernaean hydra
  4556 | D        | Reached skill level 22 in Axes
  4565 | D        | Got a decaying rune of Zot
  4895 | D        | Received a gift from Trog
  5126 | D        | Noticed Urug
  5134 | D        | Killed Urug
  5229 | D        | Noticed a five-headed hydra
  5229 | D        | Noticed an eight-headed hydra
  5233 | D        | Killed a six-headed hydra
  5235 | D        | Killed a ten-headed hydra
  5623 | D        | Noticed a kraken
  5632 | D        | Killed a kraken
  5632 | D        | Reached skill level 23 in Axes
  5957 | D        | Noticed an alligator snapping turtle
  5969 | D        | Killed an alligator snapping turtle
  5971 | D        | Received a gift from Trog
  6297 | D        | Found Utunaz's Jewellery Emporium.
  6297 | D        | Found Irops's Antique Weapon Shop.
  6297 | D        | Found Sixa's Magic Scroll Boutique.
  6297 | D        | Noticed an alligator snapping turtle
  6308 | D        | Killed an alligator snapping turtle
  6308 | D        | Reached XP level 13. HP: 134/134 MP: 12/12
  6328 | D        | Got a barnacled rune of Zot
  6333 | D        | Bought an uncursed ring of ice for 250 gold pieces
  6370 | D        | Bought an uncursed ring of poison resistance for 200 gold pieces
  6423 | D        | Found a blossoming altar of Fedhas.
  6495 | D        | Received a gift from Trog
  6953 | D        | Bought an uncursed ring of protection from magic for 250 gold pieces
  7017 | D        | Noticed Donald
  7017 | D        | Noticed Frances
  7023 | D        | Killed Frances
  7027 | D        | Killed Donald
  7027 | D        | Received a gift from Trog
  7027 | D        | Reached skill level 24 in Axes
  7034 | D        | Got a dazzling battleaxe {god gift}
  7036 | D        | Identified the +11 battleaxe of the Sky {antimagic, *Drain rElec Int+9} (Trog gifted it to you in the Dungeon)
  8136 | D        | Noticed a fire dragon
  8141 | D        | Killed a fire dragon
  8182 | D        | Found the +8 frozen axe "Frostbite" {freezing cloud, *Noise +Fly rC+}
  8188 | D        | Received a gift from Trog
  8192 | D        | Reached skill level 25 in Axes
  8205 | D        | Found the +8 Wrath of Trog {antimagic, *Rage}
  8307 | D        | Received a gift from Trog
  8446 | D        | Noticed Chuck
  8667 | D        | Killed Chuck
  8692 | D        | Noticed Sojobo
  8709 | D        | Killed Sojobo
  8709 | D        | Received a gift from Trog
  8709 | D        | Reached skill level 26 in Axes
  8709 | D        | Reached XP level 14. HP: 116/147 MP: 13/13
  8739 | D        | Noticed a lich
  8752 | D        | Killed a lich
  9026 | D        | Noticed a shadow dragon
  9027 | D        | Noticed a shadow dragon
  9031 | D        | Received a gift from Trog
  9035 | D        | Killed a shadow dragon
  9036 | D        | Killed a shadow dragon
  9245 | D        | Noticed a golden dragon
  9247 | D        | Noticed a stone giant
  9249 | D        | Noticed a frost giant
  9249 | D        | Gained mutation: You are frail. (-10% HP) [a neqoxec]
  9256 | D        | Noticed a shadow dragon
  9257 | D        | Gained mutation: You are partially covered in slimy green scales. (AC +2) [a neqoxec]
  9264 | D        | Reached skill level 1 in Evocations
  9276 | D        | Mangled by a sun demon

Skill      XL: |  1  2  3  4  5  6  7  8  9 10 11 12 13 14 |
---------------+-------------------------------------------+-----
Fighting       | 4 5 6 9 10 11 12 14 16 17 19 20 | 20.3
Axes           | 4 6 7 8 11 13 15 16 19 21 23 26 | 26.6
Armour         | 3 4 5 8 9 11 12 14 15 17 19 20 | 20.2
Dodging        | 3 5 7 9 10 11 13 14 16 18 | 18.8
Evocations     | 1 |  1.3

Action                   |  1- 3 |  4- 6 |  7- 9 | 10-12 | 13-15 || total
-------------------------+-------+-------+-------+-------+-------++-------
Melee: Hand axe          |    27 |    12 |    15 |       |       ||    54
       Headbutt          |     5 |     1 |     7 |    45 |    25 ||    83
       Executioner's axe |       |       |    53 |   205 |    75 ||   333
       Battleaxe         |       |       |       |       |    73 ||    73
Invok: Berserk           |     1 |     2 |     1 |     6 |     2 ||    12
       Burn Spellbooks   |       |     1 |     1 |       |     1 ||     3
       Brothers in Arms  |       |       |       |    13 |    12 ||    25
Evoke: Wand              |       |       |       |       |    11 ||    11
  Use: Potion            |       |       |       |     2 |     3 ||     5
 Stab: Distracted        |       |       |       |     1 |       ||     1
  Eat: Chunk             |       |       |     2 |     8 |     6 ||    16
       Ration            |       |       |     1 |     5 |     3 ||     9
Armor: Scale mail        |     6 |     4 |    11 |    44 |       ||    65
       Chain mail        |       |       |       |    49 |     3 ||    52
       Plate armour      |       |       |       |       |    76 ||    76
Dodge: Dodged            |    10 |     9 |    29 |   167 |   105 ||   320
